 Dungeon Crawl Stone Soup version 0.29.1-1-gd02db6906a (webtiles) character file.

Game seed: 12473778309533427644

108 GigaChad the Trooper (level 4, -1/42 HPs)
             Began as a Minotaur Fighter on Sept 21, 2022.
             Slain by a gnoll
             ... wielding a +0 whip
              (3 damage)
             ... on level 3 of the Dungeon.
             The game lasted 00:04:13 (2127 turns).

GigaChad the Trooper (Minotaur Fighter)             Turns: 2127, Time: 00:04:13

Health: -1/42      AC:  9    Str: 22    XL:     4   Next: 58%
Magic:  3/3        EV:  8    Int:  5    God:
Gold:   82         SH:  4    Dex: 10    Spells: 3/3 levels left

rFire   . . .      SeeInvis .   a - +0 long sword
rCold   . . .      Faith    .   c - +0 buckler
rNeg    . . .      Spirit   .   g - +0 chain mail
rPois   .          Reflect  .   (helmet restricted)
rElec   .          Harm     .   (no cloak)
rCorr   .          Rampage  .   (no gloves)
Will    .....                   (no boots)
Stlth   ..........              (no amulet)
HPRegen 0.14/turn               (no ring)
MPRegen 0.08/turn               (no ring)

@: no status effects
A: horns 2, retaliatory headbutt
a: no special abilities


You were on level 3 of the Dungeon.
You visited 1 branch of the dungeon, and saw 3 of its levels.

You collected 82 gold pieces.

Inventory:

Hand Weapons
 a - a +0 long sword (weapon)
Armour
 b - a +0 scale mail
 c - a +0 buckler (worn)
 g - a +0 chain mail (worn)
Jewellery
 p - a ring of magical power
Scrolls
 f - 2 scrolls of identify
 i - 2 scrolls of magic mapping
 k - a scroll of noise
 n - a scroll of teleportation
 o - a scroll of immolation
Potions
 d - a potion of might
 e - a potion of brilliance
 h - a potion of ambrosia {unknown}
 j - a potion of degeneration {unknown}
 l - 2 potions of invisibility
 m - a potion of curing {unknown}


   Skills:
 - Level 5.1 Fighting
 - Level 2.5 Long Blades
 - Level 3.9 Armour
 + Level 2.8 Dodging
 - Level 3.8 Shields


You had 3 spell levels left.
You didn't know any spells.
Your spell library contained the following spells:

 Spells                   Type           Power      Damage    Failure   Level
 Magic Dart               Conj           0%         1d3       99%         1
 Searing Ray              Conj           0%         2d4       100%        2
 Ozocubu's Armour         Ice            0%         N/A       100%        3
 Fulminant Prism          Conj/Hex       0%         3d6       100%        4
 Ozocubu's Refrigeration  Ice            0%         4d7       100%        7


Dungeon Overview and Level Annotations

Branches:
Dungeon (3/15)

Altars:


Innate Abilities, Weirdness & Mutations

You have a pair of horns on your head.
You reflexively headbutt those who attack you in melee.


Message History

The gnoll hits you but does no damage. The gnoll hits you with a +0 flail.
The gnoll barely misses you. The gnoll hits you with a +0 flail.
The gnoll hits you with a +0 whip. You block the gnoll's attack.
You hit the gnoll.
The gnoll is severely wounded.
The gnoll barely misses you. You furiously retaliate!
You headbutt the gnoll.
The gnoll hits you from afar with a +0 spear.
The gnoll hits you with a +0 whip.
You hit the gnoll.
You kill the gnoll!
The gnoll closely misses you.
You hit the gnoll. You headbutt the gnoll!
You kill the gnoll!
The gnoll hits you with a +0 whip. You block the gnoll's attack.
The gnoll hits you but does no damage.
The gnoll hits you from afar with a +0 spear!
* * * LOW HITPOINT WARNING * * *
The gnoll hits you with a +0 spear.
* * * LOW HITPOINT WARNING * * *
The gnoll hits you but does no damage.
Things that are here:
a +0 flail; a +0 whip; a gnoll corpse You hit the gnoll.
The gnoll is moderately wounded.
The gnoll hits you with a +0 spear.
* * * LOW HITPOINT WARNING * * *
The gnoll completely misses you.
You hit the gnoll but do no damage. Your headbutt misses the gnoll.
The gnoll is moderately wounded.
The gnoll barely misses you. You furiously retaliate!
You headbutt the gnoll. The gnoll completely misses you.
You furiously retaliate!
You headbutt the gnoll!
You kill the gnoll!
You barely miss the gnoll.
The gnoll is almost dead.
You block the gnoll's attack. The gnoll hits you but does no damage.
You closely miss the gnoll.
The gnoll is almost dead.
The gnoll hits you with a +0 whip.
You die...

#.# ############
#.########..........#
........##.########.#
#.###......# #.#
#.###...####
######.#### ...######
#.........# ...#
#.#.##.##.# ##.#
#.##.# # .# #@g..#
##.# #).#.# ...#
#...## .### #....##
..#### ####.# .....#
#.+ ..##.# #.# ####.#
# #.# #)########.# ..


You could see a gnoll.

Vanquished Creatures
  3 gnolls (D:3)
  3 adders (D:2)
  A worm (D:2)
  3 endoplasms
  3 giant cockroaches
  4 goblins
  4 jackals (D:1)
  3 kobolds (D:1)
  2 quokkas (D:1)
  10 ball pythons
  4 bats
  4 frilled lizards
  6 rats
50 creatures vanquished.

Notes
Turn   | Place    | Note
-------+----------+-------------------------------------------
     0 | D:1      | GigaChad the Minotaur Fighter began the quest for the Orb.
     0 | D:1      | Reached XP level 1. HP: 19/19 MP: 0/0
    79 | D:1      | Reached XP level 2. HP: 21/27 MP: 1/1
   160 | D:1      | Reached skill level 4 in Fighting
   238 | D:1      | Found a faded altar of an unknown god.
   479 | D:1      | Reached XP level 3. HP: 18/34 MP: 2/2
  1190 | D:2      | Reached skill level 5 in Fighting
  1342 | D:2      | Reached skill level 1 in Dodging
  1483 | D:2      | Reached XP level 4. HP: 37/42 MP: 3/3
  2124 | D:3      | HP: 1/42 [gnoll/+0 spear (2)]
  2127 | D:3      | Slain by a gnoll

Illustrated notes

Levels and vault maps discovered:
D:1:      mushboom_english_gardens, layout_rooms,
          chequers_ecumenical_altar_simple, minmay_tall_x
D:2:      layout_basic
D:3:      layout_loops_cross, led_sif_book, worldfamousw_hep_ancestral_shrine,
          gammafunk_ghost_icy, kennysheep_orc_chapel

Skill      XL: |  1  2  3  4 |
---------------+-------------+-----
Fighting       | 4 5 |  5.1
Dodging        | 1 2 |  2.8
Long Blades    | |  2.5
Armour         | |  3.9
Shields        | |  3.8

Action                   |  1- 3 |  4- 6 || total
-------------------------+-------+-------++-------
Melee: Long sword        |    82 |    23 ||   105
       Headbutt          |    17 |     3 ||    20
  Use: Scroll            |     3 |     3 ||     6
Armor: Scale mail        |    31 |       ||    31
       Chain mail        |    15 |    15 ||    30
Dodge: Dodged            |    36 |     9 ||    45
Block: Buckler           |    26 |     4 ||    30
